Map: Blackpink LE

Players

liquidthermy (uThermal)

  • Race: Terran Terran
  • League: Grandmaster
  • Spawn Location: 7:00

Guru - Winner!

  • Race: Zerg Zerg
  • League: Grandmaster
  • Spawn Location: 1:00

Event: HomeStory Cup XVI

VOD

Have the link to the VOD?

Description

Time

  • Played on: Nov. 9, 2017, 9:10 a.m.
  • Length: 8:01

All games in this series

Show
View Real Time Build Order
Export as new Build Order

liquidthermy Terran 

Build Orders: Gas First Reaper Expand, Reaper Expand 

Get SALT Encoding   

  12  0:01  SCV  
  13  0:13  SCV  
  14  0:18  Supply Depot  
  14  0:25  SCV  
  15  0:30  Refinery  
  15  0:39  SCV  
  16  0:44  Barracks  
  16  0:51  SCV  
  17  1:04  SCV  
  18  1:16  SCV  
  19  1:31  Reaper, Orbital Command  
  20  1:42  Command Center  
  20  1:53  Factory  
  20  1:57  SCV  
  21  2:07  Barracks Reactor  
  21  2:09  SCV  
  21  2:12  Supply Depot  
  22  2:15  Refinery  
  22  2:21  SCV  
  23  2:34  SCV  
  24  2:41  Hellion  
  25  2:46  SCV  
  26  2:52  Starport  
  26  2:58  SCV  
  31  3:14  Cyclone  
  31  3:15  SCV  
  31  3:21  Supply Depot  
  31  3:24  Supply Depot, Command Center  
  29  3:38  Supply Depot  
  29  3:51  Cyclone  
  30  3:58  SCV  
  25  4:10  SCV  
  20  4:22  SCV  
  20  4:26  Starport Tech Lab, Factory Reactor  
  19  4:34  SCV  
  20  4:46  SCV  
  20  4:49  Banshee  
  24  4:58  SCV  
  25  5:06  Orbital Command  
  25  5:11  SCV  
  26  5:17  Hellion  
  28  5:23  SCV  
  28  5:26  Hellion  
  31  5:35  SCV  
  33  5:38  Banshee  
  33  5:41  SCV  
  36  5:47  SCV  
  38  5:57  SCV, Hellion  
  38  6:01  SCV  
  41  6:04  Hellion  
  41  6:09  SCV  
  44  6:14  SCV  
  45  6:21  SCV, Hellion  
  48  6:26  Hellion  
  48  6:29  Armory  
  50  6:34  Supply Depot  
  50  6:38  Banshee  
  53  6:50  SCV  
  54  6:56  SCV, Hellion x2  
  59  7:02  SCV  
  60  7:09  SCV  
  60  7:10  Supply Depot  
  60  7:15  SCV  
  62  7:22  SCV  
  62  7:32  SCV  
  68  7:37  Supply Depot  
  68  7:39  Supply Depot  
  68  7:42  SCV  
  62  7:46  SCV  
Show
View Real Time Build Order
Export as new Build Order

Guru Zerg - Winner!

Build Orders: Pool First, Ravager All-In 

Get SALT Encoding   

  12  0:00  Drone  
  13  0:12  Overlord  
  13  0:17  Drone  
  14  0:31  Drone  
  14  0:32  Drone  
  16  0:35  Drone  
  17  0:45  Spawning Pool  
  17  0:48  Drone  
  17  1:08  Hatchery  
  16  1:13  Extractor, Drone  
  16  1:16  Drone  
  17  1:33  Roach Warren, Zergling x4  
  18  1:44  Queen  
  20  1:53  Overlord  
  20  2:12  Roach x2  
  20  2:13  Roach  
  26  2:20  Roach, Extractor  
  28  2:44  Drone x4  
  31  2:51  Overlord  
  31  3:01  Drone x3  
  33  3:09  Ravager x2  
  34  3:14  Ravager  
  34  3:17  Drone x2  
  34  3:18  Drone  
  38  3:28  Ravager  
  39  3:37  Overlord  
  39  3:46  Drone x3  
  42  3:49  Queen  
  44  3:59  Roach  
  46  4:12  Overlord  
  37  4:26  Roach x5  
  37  4:28  Queen  
  46  4:33  Overlord, Lair  
  46  4:37  Drone  
  47  4:42  Drone x2  
  47  4:43  Drone  
  50  4:47  Roach  
  50  4:51  Ravager x2  
  54  4:53  Drone  
  54  4:54  Drone  
  54  4:58  Drone  
  57  5:00  Evolution Chamber  
  57  5:02  Drone  
  57  5:04  Drone  
  57  5:06  Drone  
  59  5:09  Drone  
  59  5:10  Drone  
  61  5:15  Drone x2  
  61  5:20  Overlord  
  63  5:28  Drone x2  
  65  5:33  Extractor  
  65  5:34  Extractor, Spire  
  62  5:42  Drone x3  
  65  5:43  Drone x3  
  65  5:46  Metabolic Boost  
  68  5:52  Queen  
  67  6:06  Drone x2  
  67  6:07  Zergling x8  
  67  6:08  Zergling x8  
  74  6:14  Zergling x2  
  67  6:23  Hatchery  
  64  6:27  Overlord  
  64  6:28  Zergling x6  
  67  6:45  Mutalisk x4  
  67  6:46  Mutalisk x2  
  80  6:57  Roach x2, Hatchery  
  81  7:07  Mutalisk  
  79  7:09  Mutalisk  
  79  7:13  Zergling x2  
  79  7:14  Zergling x2  
  83  7:19  Mutalisk  
  83  7:20  Zergling x2  
  83  7:24  Evolution Chamber  
  83  7:25  Drone  
  82  7:31  Zergling x2  
  82  7:35  Hatchery  
  82  7:36  Drone x2  
  84  7:38  Overlord  
  84  7:40  Spore Crawler  
  84  7:43  Overlord  
  80  7:48  Overseer  
Tags
 
Add a new tag
Caveats
  • Supply blocks, unpowered buildings, or Contaminate may cause inaccurate times.
  • Supply counts are checked every 10 seconds.